 Dungeon Crawl Stone Soup version 0.32-a0-872-g59262bdc9b (webtiles) character file.

Game seed: 957039191542439292

383 601d51SH the Shield-Bearer (level 6, -28/53 HPs)
             Began as a Gnoll Fighter on Mar 31, 2024.
             Was an Initiate of Hepliaklqana.
             Annihilated by a two-headed ogre
             ... wielding a +0 giant club
              (31 damage)
             ... on level 5 of the Dungeon.
             The game lasted 00:07:02 (3190 turns).

601d51SH the Shield-Bearer (Gnoll Fighter)          Turns: 3190, Time: 00:07:03

Health: -28/53     AC:  9    Str: 17    XL:     6   Next: 76%
Magic:  9/9        EV:  9    Int: 14    God:    Hepliaklqana [......]
Gold:   185        SH:  5    Dex: 11    Spells: 9/9 levels left

rFire   . . .        a - +0 war axe
rCold   . . .        c - +0 buckler
rNeg    . . .        b - +0 scale mail
rPois   .            (no helmet)
rElec   .            D - +0 cloak {Stlth+}
rCorr   .            (no gloves)
SInv    .            (no boots)
Will    +....        n - amulet of regeneration
Stlth   +            w - ring of willpower
HPRegen 1.08/turn    y - +6 ring of intelligence
MPRegen 0.11/turn

%: no passive effects
@: no status effects
A: fangs 1, strong nose, distributed training
a: Renounce Religion


You were on level 5 of the Dungeon.
You worshipped Hepliaklqana.
Hepliaklqana was noncommittal.
You visited 2 branches of the dungeon, and saw 6 of its levels.

You collected 185 gold pieces.

Inventory:

Hand Weapons
 a - a +0 war axe (weapon)
 g - a +1 whip of flaming
 p - a +0 whip of electrocution
 q - a +2 dagger of venom
 r - a +1 short sword of speed
 C - a +4 quarterstaff of chaos
Missiles
 t - 4 boomerangs
Armour
 b - a +0 scale mail (worn)
 c - a +0 buckler (worn)
 m - the +3 leather armour of Zin {Harm Regen+ Str+2 Dex-4}
   (You found it on level 2 of the Dungeon)

   Str+2:     It affects your strength (+2).
   Dex-4:     It affects your dexterity (-4).
   Regen+:    It increases your rate of health regeneration.
   Harm:      It increases damage dealt and taken.
 D - a +0 cloak of stealth (worn)
Jewellery
 n - an amulet of regeneration (around neck)
 w - a ring of willpower (left hand)
 y - a +6 ring of intelligence (right hand)
 z - a ring of wizardry
Wands
 F - a wand of paralysis (9)
Scrolls
 e - 2 scrolls of amnesia {unknown}
 f - 2 scrolls of enchant armour {unknown}
 j - 2 scrolls of noise {unknown}
 k - 4 scrolls of teleportation
 l - 2 scrolls of immolation {unknown}
 u - a scroll of poison {unknown}
 x - a scroll of fog {unknown}
 A - a scroll of blinking {unknown}
 B - 2 scrolls of vulnerability {unknown}
 E - a scroll of enchant weapon {unknown}
Potions
 d - a potion of might
 h - 2 potions of resistance
 i - a potion of brilliance
 o - 2 potions of attraction
 s - a potion of mutation {unknown}
 v - 2 potions of curing {unknown}
 G - a potion of degeneration {unknown}
 H - a potion of enlightenment {unknown}


   Skills:
 + Level 6.9 Fighting
 + Level 2.2 Short Blades
 + Level 2.2 Long Blades
 + Level 5.1 Axes
 + Level 2.2 Maces & Flails
 + Level 2.2 Polearms
 + Level 2.2 Staves
 + Level 2.2 Ranged Weapons
 + Level 2.2 Throwing
 + Level 6.9 Armour
 + Level 2.2 Dodging
 + Level 2.2 Stealth
 + Level 6.9 Shields
 + Level 2.2 Unarmed Combat
 + Level 2.2 Spellcasting
 + Level 1.7 Conjurations
 + Level 1.7 Hexes
 + Level 1.7 Summonings
 + Level 1.7 Necromancy
 + Level 1.7 Translocations
 + Level 1.7 Fire Magic
 + Level 1.7 Ice Magic
 + Level 1.7 Air Magic
 + Level 1.7 Earth Magic
 + Level 1.7 Alchemy
 + Level 2.4 Invocations
 + Level 2.2 Evocations
 + Level 2.0 Shapeshifting


You had 9 spell levels left.
You didn't know any spells.
Your spell library contained the following spells:

 Spells                   Type           Power      Damage    Failure   Level
 Shock                    Conj/Air       24%        1d4       38%         1
 Fugue of the Fallen      Necr           6%         N/A       77%         3
 Ozocubu's Armour         Ice            6%         N/A       77%         3
 Swiftness                Air            6%         N/A       77%         3
 Airstrike                Air            3%         2d(1-17)  99%         4
 Manifold Assault         Tloc           3%         N/A       100%        7


Dungeon Overview and Level Annotations

Branches:
Dungeon (5/15)             Temple (1/1) D:4

Altars:
Ashenzari
Cheibriados
Dithmenos
Fedhas
Gozag
Hepliaklqana
Kikubaaqudgha
Makhleb
Nemelex Xobeh
Okawaru
Ru
Trog
Uskayaw
Vehumet
Wu Jian
Xom
Zin


Innate Abilities, Weirdness & Mutations

You have very sharp teeth.
Your uncanny sense of smell can sniff out nearby items.
Your experience applies equally to all skills.


Message History

You closely miss the gnoll.
The gnoll hits you but does no damage. x2
You hit the gnoll.
You kill the gnoll!
You hit the gnoll but do no damage. The gnoll hits you but does no damage.
Your Shapeshifting skill increases to level 2!
The gnoll hits you but does no damage.
Things that are here:
a +0 spear; a gnoll corpse You slash the gnoll!
You kill the gnoll!
Things that are here:
a +0 club; a +0 spear; a gnoll corpse You see here a +0 halberd.
HP restored.
e - 2 scrolls labelled XUS MOKIRIARPH (gained 1)
k - 4 scrolls of teleportation (gained 1)
j - 2 scrolls labelled WOKIYGG WIPOUR (gained 1)
A two-headed ogre comes into view.
It is wielding a +0 giant club and a +0 giant spiked club.
A two-headed ogre is nearby!
The two-headed ogre shouts in stereo!
You see here a +0 halberd.
Found 5 stones and a scroll labelled ATSUT OMACIU.
You see here a scroll labelled ATSUT OMACIU.
f - 2 scrolls labelled ATSUT OMACIU (gained 1)
You slash the two-headed ogre!
The two-headed ogre is lightly wounded.
The two-headed ogre hits you with a +0 giant club!!
Ouch! That really hurt!
The two-headed ogre barely misses you.
The two-headed ogre attacks as it pursues you!
The two-headed ogre hits you with a +0 giant club!!
Ouch! That really hurt!
* * * LOW HITPOINT WARNING * * *
You block the two-headed ogre's attack.
The two-headed ogre attacks as it pursues you!
The two-headed ogre closely misses you.
The two-headed ogre hits you with a +0 giant spiked club!!
Ouch! That really hurt!
You die...
Hepliaklqana delivers you to your ancestors.

#.................
#................#
##.......).......#
##..........).....
#....#......).....
##..###............
##...#(....#........
#..O###..###.......#
##.@.##.###........#
###.#.....#......##
.......#.......#
...###..........
..## ##......##. ..#
##....##.. ..#
##...###. ..#
###...#. ######....


You could see a two-headed ogre.

Vanquished Creatures
  An ogre (D:4)
  A bombardier beetle (D:3)
  Crazy Yiuf (D:3)
  A jelly (D:4)
  Jessica (D:2)
  Terence (D:2)
  3 gnolls (D:5)
  5 adders
  A dart slug (D:3)
  6 orcs
  2 endoplasms
  4 giant cockroaches
  5 goblins
  8 hobgoblins
  3 quokkas
  8 ball pythons
  8 bats
  3 frilled lizards
  6 kobolds
  6 rats
  A butterfly (D:4)
75 creatures vanquished.

Notes
Turn   | Place    | Note
-------+----------+-------------------------------------------
     0 | D:1      | 601d51SH the Gnoll Fighter began the quest for the Orb.
     0 | D:1      | Reached XP level 1. HP: 23/23 MP: 1/1
   236 | D:1      | Reached XP level 2. HP: 27/29 MP: 2/2
   514 | D:1      | Reached XP level 3. HP: 35/35 MP: 3/3
   836 | D:2      | Noticed Terence
   847 | D:2      | Killed Terence
   848 | D:2      | Reached skill level 1 in Short Blades
   848 | D:2      | Reached skill level 1 in Long Blades
   848 | D:2      | Reached skill level 1 in Maces & Flails
   848 | D:2      | Reached skill level 1 in Polearms
   848 | D:2      | Reached skill level 1 in Staves
   848 | D:2      | Reached skill level 1 in Ranged Weapons
   848 | D:2      | Reached skill level 1 in Throwing
   848 | D:2      | Reached skill level 1 in Dodging
   848 | D:2      | Reached skill level 1 in Stealth
   848 | D:2      | Reached skill level 1 in Unarmed Combat
   848 | D:2      | Reached skill level 1 in Spellcasting
   848 | D:2      | Reached skill level 1 in Invocations
   848 | D:2      | Reached skill level 1 in Evocations
  1045 | D:2      | Reached skill level 1 in Shapeshifting
  1045 | D:2      | Reached XP level 4. HP: 37/41 MP: 5/5
  1045 | D:2      | Identified the +3 leather armour of Zin {Harm Regen+ Str+2
                  | Dex-4}
  1095 | D:2      | Noticed Jessica
  1100 | D:2      | Killed Jessica
  1101 | D:2      | Reached skill level 1 in Conjurations
  1101 | D:2      | Reached skill level 1 in Hexes
  1101 | D:2      | Reached skill level 1 in Summonings
  1101 | D:2      | Reached skill level 1 in Necromancy
  1101 | D:2      | Reached skill level 1 in Translocations
  1101 | D:2      | Reached skill level 1 in Fire Magic
  1101 | D:2      | Reached skill level 1 in Ice Magic
  1101 | D:2      | Reached skill level 1 in Air Magic
  1101 | D:2      | Reached skill level 1 in Earth Magic
  1101 | D:2      | Reached skill level 1 in Alchemy
  1705 | D:3      | Reached XP level 5. HP: 47/47 MP: 7/7
  1720 | D:3      | HP: 1/47 [burnt (4)]
  2080 | D:3      | Found an ornate altar of the Wu Jian Council.
  2471 | D:3      | Found a runed translucent door.
  2472 | D:3      | Noticed Crazy Yiuf
  2479 | D:3      | Killed Crazy Yiuf
  2601 | D:4      | Reached XP level 6. HP: 48/53 MP: 8/8
  2603 | D:4      | Found a staircase to the Ecumenical Temple.
  2618 | Temple   | Entered the Ecumenical Temple
  2635 | Temple   | Became a worshipper of Hepliaklqana the Forgotten
  2685 | D:4      | Reached skill level 5 in Axes
  3088 | D:5      | Entered Level 5 of the Dungeon
  3160 | D:5      | Noticed a two-headed ogre
  3189 | D:5      | HP: 2/53 [two-headed ogre/+0 giant club (28)]
  3190 | D:5      | Annihilated by a two-headed ogre

Illustrated notes

Levels and vault maps discovered:
D:1:      heliophobic_arrival_dark_side_of_the_moon, layout_loops_ring
D:2:      layout_loops_ring, uniq_jessica, uniq_terence
D:3:      layout_loops_ring, nzn_wu_jian_contemplation, chequers_garden,
          uniq_crazy_yiuf_cottage
D:4:      layout_cave_pools, minmay_temple_entry_butterflies,
          minmay_misc_feat_cross
D:5:      layout_cave_pools, mainiacjoe_overflow_six_doors_small, serial_shops,
          shop, uniq_pikel
Temple:   lightli_temple_of_artemis

Skill      XL: |  1  2  3  4  5  6 |
---------------+-------------------+-----
Short Blades   | 1 2 |  2.2
Long Blades    | 1 2 |  2.2
Maces & Flails | 1 2 |  2.2
Polearms       | 1 2 |  2.2
Staves         | 1 2 |  2.2
Ranged Weapons | 1 2 |  2.2
Throwing       | 1 2 |  2.2
Dodging        | 1 2 |  2.2
Stealth        | 1 2 |  2.2
Unarmed Combat | 1 2 |  2.2
Spellcasting   | 1 2 |  2.2
Invocations    | 1 2 |  2.4
Evocations     | 1 2 |  2.2
Shapeshifting  | 1 2 |  2.0
Conjurations   | 1 |  1.7
Hexes          | 1 |  1.7
Summonings     | 1 |  1.7
Necromancy     | 1 |  1.7
Translocations | 1 |  1.7
Fire Magic     | 1 |  1.7
Ice Magic      | 1 |  1.7
Air Magic      | 1 |  1.7
Earth Magic    | 1 |  1.7
Alchemy        | 1 |  1.7
Axes           | 5 |  5.1
Fighting       | |  6.9
Armour         | |  6.9
Shields        | |  6.9

Action                     |  1- 3 |  4- 6 || total
---------------------------+-------+-------++-------
  Melee: War axe           |    86 |   139 ||   225
         Bite              |    10 |    14 ||    24
  Throw: Throwing net      |       |     1 ||     1
    Use: Scroll            |       |     4 ||     4
 Armour: Scale mail        |    80 |   113 ||   193
  Dodge: Dodged            |    34 |    65 ||    99
  Block: Buckler           |    31 |    46 ||    77

Table legend: (Time is in decaauts)
 A = Elapsed time spent in this place.
 B = Non-inter-level travel time spent in this place.
 C = Inter-level travel time spent in this place.
 D = Time resting spent in this place.
 E = Time spent auto-exploring this place.
 F = Levels seen in this place.
 G = Mean time per level.
                   A        B        C        D        E       F      G
               +--------+--------+--------+--------+--------+-----+--------+
         Total |   3254 |   3054 |    200 |    145 |   2168 |   6 |  542.3 |
       Dungeon |   3220 |   3036 |    184 |    145 |   2168 |   5 |  644.0 |
        Temple |     34 |     18 |     16 |      0 |      0 |   1 |   34.0 |
               +--------+--------+--------+--------+--------+-----+--------+

Top non-repeatable levels by time:
     D:3: 972 daAuts
     D:1: 851 daAuts
     D:2: 772 daAuts
     D:4: 519 daAuts
     D:5: 104 daAuts
  Temple: 34 daAuts
